 Dungeon Crawl Stone Soup version 0.29.1-12-g30fa7ad0bf (webtiles) character file.

Game seed: 11168271226870609103

144 nshep25 the Chopper (level 5, -11/47 HPs)
             Began as a Minotaur Fighter on Dec 16, 2022.
             Mangled by an ogre
             ... wielding a +0 giant spiked club
              (31 damage)
             ... on level 4 of the Dungeon.
             The game lasted 00:04:12 (3011 turns).

nshep25 the Chopper (Minotaur Fighter)              Turns: 3011, Time: 00:04:14

Health: -11/47     AC: 12    Str: 23    XL:     5   Next: 5%
Magic:  4/4        EV:  6    Int:  5    God:
Gold:   138        SH:  4    Dex:  9    Spells: 4/4 levels left

rFire   . . .      SeeInvis .   a - +0 war axe
rCold   . . .      Faith    .   c - +0 buckler
rNeg    . . .      Spirit   .   m - +0 plate armour
rPois   .          Reflect  .   (helmet restricted)
rElec   .          Harm     .   (no cloak)
rCorr   .          Rampage  .   (no gloves)
Will    .....                   (no boots)
Stlth   ..........              (no amulet)
HPRegen 0.15/turn               (no ring)
MPRegen 0.09/turn               (no ring)

@: no status effects
A: horns 2, retaliatory headbutt
a: no special abilities


You were on level 4 of the Dungeon.
You visited 1 branch of the dungeon, and saw 4 of its levels.

You collected 138 gold pieces.

Inventory:

Hand Weapons
 a - a +0 war axe (weapon)
Missiles
 o - 2 boomerangs (quivered)
 r - a throwing net
Armour
 b - a +0 scale mail
 c - a +0 buckler (worn)
 m - a +0 plate armour (worn)
Jewellery
 k - a ring of wizardry
Wands
 u - a wand of flame (20)
Scrolls
 e - 4 scrolls of identify {unknown}
 g - 4 scrolls of teleportation {unknown}
 j - a scroll of noise {unknown}
 l - a scroll of amnesia {unknown}
 p - a scroll of enchant weapon {unknown}
 t - a scroll of immolation {unknown}
Potions
 d - 2 potions of might
 f - 2 potions of haste {unknown}
 h - a potion of degeneration {unknown}
 i - 2 potions of curing {unknown}
 n - a potion of resistance {unknown}
 q - a potion of attraction {unknown}
 s - a potion of mutation {unknown}


   Skills:
 + Level 4.5 Fighting
 * Level 4.6 Axes
 * Level 4.5 Armour
 + Level 1.0 Dodging
 + Level 4.0 Shields


You had 4 spell levels left.
You didn't know any spells.
Your spell library contained the following spells:

 Spells                   Type           Power      Damage    Failure   Level
 Ozocubu's Armour         Ice            0%         N/A       100%        3
 Metabolic Englaciation   Hex/Ice        0%         N/A       100%        5
 Simulacrum               Ice/Necr       0%         N/A       100%        6


Dungeon Overview and Level Annotations

Branches:
Dungeon (4/15)
 Temple: D:4-7

Altars:

Annotations:
D:3 1 runed translucent door, cheesebisquit's ghost, weakling MiBe


Innate Abilities, Weirdness & Mutations

You have a pair of horns on your head.
You reflexively headbutt those who attack you in melee.


Message History

Found a stone staircase leading down.
u - a wand of flame (20)
You now have 138 gold pieces (gained 9).
Things that are here:
a +0 dagger; a +0 sling; a goblin corpse An orc comes into view.
It is wielding a +0 dagger and wearing a +0 scale mail of willpower.
The orc shouts!
You barely miss the orc. The orc hits you but does no damage.
You barely miss the orc. You headbutt the orc.
You kill the orc!
Things that are here:
a +0 dagger; a +0 scale mail of willpower; an orc corpse
Things that are here:
a +0 dagger; a +0 scale mail of willpower; an orc corpse A giant cockroach comes into view.
A goblin and an ogre come into view.
The goblin shouts!
The ogre shouts!
Found a stone staircase leading down.
The goblin attacks as you move away! The goblin completely misses you.
You furiously retaliate!
You headbutt the goblin.
The giant cockroach bites you but does no damage. x2
You slash the goblin!
You kill the goblin!
You hit the giant cockroach. The giant cockroach bites you.
You hit the ogre but do no damage. You closely miss the giant cockroach.
The giant cockroach bites you.
The ogre hits you with a +0 giant spiked club!
The giant cockroach bites you but does no damage.
You slash the ogre! You headbutt the ogre!
The ogre is severely wounded.
You closely miss the giant cockroach.
The giant cockroach bites you but does no damage.
The ogre hits you with a +0 giant spiked club!
You barely miss the ogre.
The ogre is severely wounded.
You hit the giant cockroach.
You kill the giant cockroach!
The ogre hits you with a +0 giant spiked club!!
Ouch! That really hurt!
You die...

####.##...............
#.....................
#.#####...............
#.# ########...#####
#.# #...# #.# #...#
#.# #...# #.#
#####...# ..#
.......O@# ###
.........# ..........
..........#
...........
.........###
..>...#### ##...


You could see an ogre.

Vanquished Creatures
  An orc wizard (D:3)
  A gnoll (D:2)
  2 adders
  2 worms
  A dart slug (D:2)
  4 orcs
  9 ball pythons
  7 bats
  4 endoplasms
  5 giant cockroaches
  7 hobgoblins
  7 jackals
  10 kobolds
  2 quokkas (D:2)
  8 goblins
  6 rats
76 creatures vanquished.

Vanquished Creatures (others)
  4 plants (D:1)
  2 withered plants (D:3)
6 creatures vanquished.

Grand Total: 82 creatures vanquished

Notes
Turn   | Place    | Note
-------+----------+-------------------------------------------
     0 | D:1      | nshep25 the Minotaur Fighter began the quest for the Orb.
     0 | D:1      | Reached XP level 1. HP: 19/19 MP: 0/0
    92 | D:1      | You fall into a shaft and drop 1 floor!
   164 | D:2      | Reached XP level 2. HP: 20/27 MP: 1/1
   741 | D:2      | Reached XP level 3. HP: 33/33 MP: 2/2
  1402 | D:2      | Reached XP level 4. HP: 40/40 MP: 3/3
  1913 | D:3      | Reached skill level 1 in Dodging
  1985 | D:3      | Found a faded altar of an unknown god.
  2408 | D:3      | Found a runed translucent door.
  2409 | D:3      | Noticed cheesebisquit's ghost (weakling MiBe)
  2791 | D:4      | Reached XP level 5. HP: 47/47 MP: 4/4
  3005 | D:4      | Noticed an ogre
  3011 | D:4      | Mangled by an ogre

Illustrated notes

Levels and vault maps discovered:
D:1:      saegor_arrival_miasma, layout_rooms, serial_forest,
          infiniplex_forest_clump_C, infiniplex_forest_lined_1,
          infiniplex_forest_clump_cross, infiniplex_forest_lined_2,
          infiniplex_forest_end_double, infiniplex_forest_straight_2,
          infiniplex_forest_clump_diagonal
D:2:      layout_loops_corners, hex_medium, cheibrodos_gnoll_hut
D:3:      layout_basic, ebering_ecumenical_altar_abandoned,
          gammafunk_ghost_grave, minmay_misc_feat_secret_circle,
          grunt_ministairs_11
D:4:      layout_loops_cross, serial_park_tiny_1, uniq_pikel

Skill      XL: |  1  2  3  4 |
---------------+-------------+-----
Axes           | 3 4 |  4.6
Fighting       | 4 |  4.5
Armour         | 4 |  4.5
Dodging        | 1 |  1.0
Shields        | 4 |  4.0

Action                   |  1- 3 |  4- 6 || total
-------------------------+-------+-------++-------
Melee: War axe           |    92 |    62 ||   154
       Headbutt          |     6 |    13 ||    19
Armor: Scale mail        |    52 |       ||    52
       Plate armour      |       |    37 ||    37
Dodge: Dodged            |    53 |    17 ||    70
Block: Buckler           |    22 |    11 ||    33
